 Dungeon Crawl Stone Soup version 0.30-a0-587-gfd7c166f36 (webtiles) character file.

Game seed: 1025942637883202676

21 Bnni the Vexing (level 3, -1/26 HPs)
             Began as a Formicid Hexslinger on Jan 4, 2023.
             Succumbed to an adder's poison
             ... on level 1 of the Dungeon.
             The game lasted 00:01:44 (789 turns).

Bnni the Vexing (Formicid Hexslinger)                Turns: 789, Time: 00:01:44

Health: -1/26      AC:  2    Str: 14    XL:     3   Next: 5%
Magic:  3/5        EV:  9    Int: 14    God:
Gold:   114        SH: 11    Dex: 14    Spells: 3/4 levels left

rFire   . . .      SeeInvis +    a - +1 sling
rCold   . . .      Faith    .    e - +0 tower shield
rNeg    . . .      Spirit   .    c - +0 robe
rPois   .          Reflect  .    (helmet unavailable)
rElec   .          Harm     .    (no cloak)
rCorr   .          Rampage  .    (no gloves)
Will    .....                    (no boots)
Stlth   +                        (no amulet)
HPRegen 0.24/turn                g - ring of wizardry
MPRegen 0.09/turn                (no ring)

@: lethally poisoned (-1 -> -5)
A: permanent stasis, dig shafts and tunnels, antennae 3, four strong arms
a: Dig, Shaft Self


You were on level 1 of the Dungeon.
You visited 1 branch of the dungeon, and saw 2 of its levels.

You collected 114 gold pieces.

Inventory:

Hand Weapons
 a - a +1 sling (weapon)
Missiles
 f - 2 throwing nets
Armour
 c - a +0 robe (worn)
 e - a +0 tower shield (worn)
Jewellery
 g - a ring of wizardry (left hand)
Scrolls
 b - a scroll of poison
 d - a scroll of fog {unknown}
 h - a scroll of enchant armour {unknown}
 i - a scroll of vulnerability {unknown}
 l - a scroll of enchant weapon {unknown}


   Skills:
 + Level 1.3 Fighting
 * Level 2.2 Ranged Weapons
 - Level 1.7 Dodging
 * Level 1.1 Shields
 + Level 1.3 Spellcasting
 * Level 3.9 Hexes
 * Level 0.9 Fire Magic


You had 3 spell levels left.
You knew the following spells:

 Your Spells              Type           Power      Damage    Failure   Level
a - Slow                  Hex            44%        N/A       17%         1

Your spell library contained the following spells:

 Spells                   Type           Power      Damage    Failure   Level
 Inner Flame              Hex/Fire       7%         N/A       65%         3
 Portal Projectile        Hex/Tloc       12%        N/A       71%         3
 Cause Fear               Hex            5%         N/A       83%         4


Dungeon Overview and Level Annotations

Branches:
Dungeon (2/15)

Altars:

Shops:
D:1 [


Innate Abilities, Weirdness & Mutations

You cannot be hasted, slowed, berserked, paralysed or teleported.
You can dig through walls and to a lower floor.
You have a pair of large antennae on your head. (SInv)
Your four strong arms can wield two-handed weapons with a shield.


Message History

It was a potion of berserk rage.
Your stasis prevents you from going berserk.
* * * LOW HITPOINT WARNING * * *
You feel sick. You block the adder's attack.
It was a potion of curing.
You feel better. You block the adder's attack.
Casting: Slow (safe; 17% risk of failure)
Confirm with . or Enter, or press ? or * to list all spells.
Aiming: Slow (safe; 17% risk of failure)
Press: ? - help, Shift-Dir - straight line, f/p - adder
Aim: an adder (chance to affect: 53%)
The adder seems to slow down.
The adder barely misses you.
You shoot a sling bullet. The sling bullet hits the adder.
The adder is moderately wounded.
The adder bites you.
You are poisoned.
The adder poisons you! You block the adder's attack.
You shoot a sling bullet.
The sling bullet barely misses the adder.
The sling bullet hits the goblin.
You kill the goblin!
You feel sick. The adder bites you.
* * * LOW HITPOINT WARNING * * *
You are lethally poisoned!
The adder poisons you!
Your life force feels restored.
You shoot a sling bullet. The sling bullet hits the adder.
The adder is severely wounded.
* * * LOW HITPOINT WARNING * * *
You feel very sick. You block the adder's attack.
The adder bites you but does no damage.
You shoot a sling bullet.
The sling bullet barely misses the adder.
The sling bullet closely misses the frilled lizard.
* * * LOW HITPOINT WARNING * * *
You feel sick.
The adder is no longer moving slowly.
You block the adder's attack.
You shoot a sling bullet.
The sling bullet hits the adder but does no damage.
The adder is severely wounded.
You die...

###### ##.....
############### #..(...
#.....@Sl.....# #..####
#.######.####.###......
#.# ##.>.........####
#.# #............# #
#.# #..####.###.## #
#.# #..## #.# #.#####
#.# #...# #.# #.#....
#.# ##..# #.# #.#.###
#.######..###.###.#.# #


You could see an adder and a frilled lizard.

Vanquished Creatures
  2 dart slugs (D:1)
  A bat (D:1)
  2 hobgoblins (D:1)
  4 jackals (D:1)
  A kobold (D:1)
  A ball python (D:1)
  3 goblins (D:1)
  A rat (D:1)
15 creatures vanquished.

Notes
Turn   | Place    | Note
-------+----------+-------------------------------------------
     0 | D:1      | Bnni the Formicid Hexslinger began the quest for the Orb.
     0 | D:1      | Reached XP level 1. HP: 15/15 MP: 2/2
    33 | D:1      | Found a faded altar of an unknown god.
   144 | D:1      | Reached XP level 2. HP: 21/21 MP: 3/3
   193 | D:1      | Found Votaga Zodgh's Armour Emporium.
   303 | D:1      | Reached skill level 1 in Shields
   781 | D:1      | Reached XP level 3. HP: 7/25 MP: 4/4
   788 | D:1      | HP: 1/26 [poisoned by an adder]
   789 | D:1      | Succumbed to an adder's poison

Illustrated notes

Levels and vault maps discovered:
D:1:      dpeg_arrival_round_c, layout_loops_ring,
          hellmonk_ecumenical_altar_lost_god, serial_shops, shop
D:2:      layout_basic, minmay_puff

Skill      XL: |  1  2 |
---------------+-------+-----
Shields        | 1 |  1.1
Fighting       | |  1.3
Ranged Weapons | |  2.2
Dodging        | |  1.7
Spellcasting   | |  1.3
Hexes          | |  3.9
Fire Magic     | |  0.9

Action                   || total
-------------------------++-------
 Fire: Sling             ||    50
 Cast: Slow              ||     2
 Abil: Dig               ||     1
  Use: Potion            ||     2
Armor: Robe              ||     3
Dodge: Dodged            ||    15
Block: Tower shield      ||    17

Table legend: (Time is in decaauts)
 A = Elapsed time spent in this place.
 B = Non-inter-level travel time spent in this place.
 C = Inter-level travel time spent in this place.
 D = Time resting spent in this place.
 E = Time spent auto-exploring this place.
 F = Levels seen in this place.
 G = Mean time per level.
                   A        B        C        D        E       F      G
               +--------+--------+--------+--------+--------+-----+--------+
         Total |    816 |    798 |     18 |      0 |    664 |   2 |  408.0 |
       Dungeon |    816 |    798 |     18 |      0 |    664 |   2 |  408.0 |
               +--------+--------+--------+--------+--------+-----+--------+

Top non-repeatable levels by time:
     D:1: 806 daAuts
     D:2: 10 daAuts
